 Dungeon Crawl Stone Soup version 0.18-a0-1040-g4865665 (webtiles) character file.

417855 Kristof the Executioner (level 22, -27/205 HPs)
             Began as a Minotaur Fighter on Jan 10, 2016.
             Was a High Priest of Okawaru.
             Killed from afar by a starcursed mass (29 damage)
             ... with an accursed screaming
             ... on level 13 of a ziggurat.
             The game lasted 03:59:50 (56941 turns).

Kristof the Executioner (Minotaur Fighter)         Turns: 56941, Time: 03:59:50

Health: -27/205    AC: 45    Str: 36    XL:     22   Next: 59%
Magic:  21/27      EV: 12    Int:  7    God:    Okawaru [*****.]
Gold:   2472       SH: 26    Dex: 18    Spells: 5 memorised, 3 levels left

rFire  . . .     SeeInvis .     z - +5 broad axe (flame)
rCold  x . .     Gourm    .     Q - +8 crystal plate armour
rNeg   . . .     Faith    .     H - +1 large shield "Jeanug" {+Blink Regen+ Str+2}
rPois  +         Spirit   .     T - +1 hat of the Cuttlefish {rC- MR++ Str+5}
rElec  .         Dismiss  .     q - +2 cloak {MR+}
rCorr  .         Reflect  .     M - +2 pair of gloves {Dex+3}
SustAt .         Harm     .     N - +1 pair of boots {Fly}
MR     ++++.                    y - amulet of rage
Stlth  ..........               p - +3 ring of dexterity
                                P - +3 ring of slaying

@: exhausted, finesse, flying, very slightly contaminated, slowed, invisible,
very slow, incredibly resistant to hostile enchantments, extremely unstealthy
A: retaliatory headbutt, horns 2, clever 1, poison resistance
a: Heroism, Finesse, Renounce Religion, Evoke Blink, Evoke Berserk Rage, Stop
Flying
}: 2/15 runes: decaying, serpentine


You were on level 13 of a ziggurat.
You worshipped Okawaru.
Okawaru was extremely pleased with you.
You were hungry.

You visited 7 branches of the dungeon, and saw 38 of its levels.
You visited 1 ziggurat, and saw 13 of its levels.
You also visited: Labyrinth and Sewer.

You collected 4697 gold pieces.
You spent 2225 gold pieces at shops.

Inventory:

Hand Weapons
 z - a +5 broad axe of flaming (weapon)
 B - the +9 trident "Qiforchuq" {holy, MR+ MP+9 SInv Stlth+}
   (You found it on level 8 of a ziggurat)

   It has been blessed by the Shining One to cause great damage to the undead
   and demons.
   It affects your resistance to hostile enchantments.
   It affects your magic capacity (+9).
   It lets you see invisible.
   It makes you more stealthy.
Armour
 q - a +2 cloak of magic resistance (worn)
 H - the +1 large shield "Jeanug" (worn) {+Blink Regen+ Str+2}
   (Okawaru gifted it to you on level 2 of the Swamp)

   It affects your strength (+2).
   It lets you blink.
   It increases your rate of regeneration.
 M - a +2 pair of gloves of dexterity (worn)
 N - a +1 pair of boots of flying (worn)
 Q - a +8 crystal plate armour (worn)
 T - the +1 hat of the Cuttlefish (worn) {rC- MR++ Str+5}
   (Okawaru gifted it to you on level 13 of the Dungeon)

   It affects your strength (+5).
   It makes you vulnerable to cold.
   It affects your resistance to hostile enchantments.
Rods
 D - a +1 rod of shadows (14/14)
   (You found it on level 1 of the Depths)
 R - a +1 rod of ignition (12/12)
   (You found it on level 3 of the Vaults)
 V - a +9 rod of clouds (11/17)
   (You found it in a labyrinth)
Jewellery
 n - the amulet "Koneg" {Reflect SH+3 Stlth+}
   (You found it on level 2 of a ziggurat)

   [amulet of reflection]

   It shields you and reflects attacks.
   It affects your SH (+3).
   It makes you more stealthy.
 p - a +3 ring of dexterity (right hand)
 y - an amulet of rage (around neck)
 O - an uncursed amulet of the gourmand {unknown}
 P - a +3 ring of slaying (left hand)
Wands
 i - a wand of teleportation (7/9)
 x - a wand of teleportation (8/9)
 C - a wand of digging (9/24)
 I - a wand of disintegration (15/24)
 S - a wand of heal wounds (7/9)
Scrolls
 d - 2 scrolls of amnesia
 h - 6 scrolls of blinking
 j - 22 scrolls of remove curse
 l - 5 scrolls of immolation
 o - a scroll of silence
 r - 6 scrolls of fear
 A - a scroll of summoning
 G - 6 scrolls of magic mapping
 J - 19 scrolls of teleportation
 K - 9 scrolls of fog
 Y - a scroll of holy word
Potions
 b - 4 potions of heal wounds
 c - 4 potions of ambrosia
 e - 16 potions of curing
 s - a potion of experience
 v - 5 potions of cure mutation
 F - a potion of magic
Books
 k - a book of Spatial Translocations

   Spells                             Type                      Level
   a - Apportation                    Translocation                1
   b - Blink                          Translocation                2
   c - Shroud of Golubria             Charms/Translocation         2
   d - Portal Projectile              Translocation                3
   e - Teleport Other                 Translocation                3
   f - Passage of Golubria            Translocation                4
 E - a book of the Warp

   Spells                             Type                      Level
   a - Recall                         Summoning/Translocation      3
   b - Gell's Gravitas                Hexes/Translocation          3
   c - Force Lance                    Conjuration/Translocation    4
   d - Phase Shift                    Translocation                5
   e - Warp Weapon                    Charms/Translocation         5
   f - Summon Forest                  Summoning/Translocation      5
 L - a book of Air

   Spells                             Type                      Level
   a - Shock                          Conjuration/Air              1
   b - Swiftness                      Charms/Air                   2
   c - Repel Missiles                 Charms/Air                   2
   d - Static Discharge               Conjuration/Air              3
   e - Lightning Bolt                 Conjuration/Air              5
 U - a book of Power

   Spells                             Type                      Level
   a - Fulminant Prism                Conjuration/Hexes            4
   b - Iskenderun's Mystic Blast      Conjuration                  4
   c - Venom Bolt                     Conjuration/Poison           5
   d - Bolt of Magma                  Conjuration/Fire/Earth       5
   e - Iron Shot                      Conjuration/Earth            6
   f - Orb of Destruction             Conjuration                  7
   g - Spellforged Servitor           Conjuration/Summoning        7
Miscellaneous
 m - a phantom mirror
 w - a legendary deck of defence
Comestibles
 a - 4 slices of pizza
 f - 37 bread rations
 g - 12 beef jerkies
 t - 30 meat rations
 W - 3 royal jellies


   Skills:
 + Level 19.1 Fighting
 * Level 24.4 Axes
 + Level 18.4 Armour
 + Level 16.8 Dodging
 + Level 18.3 Shields
 + Level 9.0 Charms
 - Level 8.0 Invocations
 - Level 9.0 Evocations


You had 3 spell levels left.
You knew the following spells:

 Your Spells              Type           Power        Failure   Level  Hunger
a - Mephitic Cloud        Conj/Pois/Air  #.......     100%        3    ####...
b - Fulminant Prism       Conj/Hex       #.........   100%        4    #####..
c - Passwall              Trmt/Erth      #.........   100%        3    ####...
d - Iron Shot             Conj/Erth      #.........   100%        6    #######
e - Shroud of Golubria    Chrm/Tloc      #.........   99%         2    ###....


Dungeon Overview and Level Annotations

Branches:
Dungeon (15/15)            Temple (0/1) D:4            Lair (8/8) D:11
  Swamp (4/4) Lair:4        Snake (4/4) Lair:4        Slime (0/6) Lair:8
    Orc (2/2) D:9             Elf (0/3) Orc:2        Vaults (4/5) D:13
  Crypt (0/3) Vaults:2     Depths (1/5) D:15

Altars:
Cheibriados
Dithmenos
Elyvilon
Fedhas
Gozag
Kikubaaqudgha
Okawaru
Pakellas
Qazlal
Ru
Sif Muna
Vehumet
Xom
Yredelemnul
Zin
The Shining One
Beogh

Shops:
D:6 [[?   Orc:2 (?[[   Vaults:1 [   Vaults:3 }   Vaults:4 ([*

Portals:
Hell: Depths:1


Innate Abilities, Weirdness & Mutations

You reflexively headbutt those who attack you in melee.
You have a pair of horns on your head.
Your mind is acute. (Int +2)
Your system is resistant to poisons.


Message History

You feel much better.
This wand has 7 charges left.
You feel like a meek peon again.
You block the spatial maelstrom's attack. x2
The starcursed mass engulfs you but does no damage. x2
The spatial maelstrom hits you but does no damage.
The spatial maelstrom closely misses you.
The spatial maelstrom is engulfed in roaring flames.
Read which item? (? for menu, Esc to quit)
Blink to where?
Press: ? - help, Dir - move target cursor
As you read the scroll of blinking, it crumbles to dust.
The chaos spawn misses you. You furiously retaliate!
You headbutt the chaos spawn. You block the starcursed mass's attack.
The starcursed mass engulfs you but does no damage.
A cacophony of accursed wailing tears at your sanity!
* * * LOW HITPOINT WARNING * * *
Are you sure you want to leave this ziggurat?
A starcursed mass splits.
A cacophony of accursed wailing tears at your sanity!
You die...

▓...........▓▓▓
.........X....▓
......G†§......▓
.....)..§.......▓▓
.................▓
......§......G...▓▓
............E..X..▓
.....§§#§...RXXX=$▓
....##§#§.§XXXXX@)▓▓
.....§§§§§§.§XXXXX=▓
...§§#§ #§§..XXXX3▓▓
.....# .......XXv}▓
................v.▓
.................▓▓
.................▓
................▓▓
...............▓▓


You could see 20 starcursed masses, 2 spatial maelstroms, a giant orange brain,
a large abomination (wandering), an earth elemental, an efreet and a chaos
spawn.

Vanquished Creatures
  A shard shrike (Zig:3)
  2 bone dragons
  A pearl dragon (Depths:1)
  A profane servitor (Zig:9)
  2 liches (Vaults:4)
  A Hell Sentinel (Zig:5)
  A quicksilver dragon (Zig:12)
  An ancient champion (Vaults:2)
  A tentacled starspawn (Zig:13)
  3 thorn hunters
  A tengu reaver (Vaults:4)
  A fire giant (Vaults:3)
  17 greater nagas
  A draconian monk (Zig:6)
  A deep elf sorcerer (Vaults:1)
  Roxanne (D:14)
  9 vault wardens
  The ghost of loom the Warrior, a journeyman MiBe of Trog (Swamp:4)
  2 frost giants
  2 orc warlords (Orc:1)
  A balrug (Depths:1)
  Louise (Swamp:4)
  A draconian shifter (Zig:6)
  5 very ugly things
  13 ironheart preservers
  2 reapers (Zig:11)
  An ophan (Depths:1)
  A war gargoyle (Vaults:3)
  10 stone giants
  A salamander stormcaller (Vaults:3)
  A caustic shrike skeleton (Zig:11)
  A green draconian (Zig:6)
  An apis (Depths:1)
  5 large abominations
  3 deep elf annihilators
  A black draconian (Zig:13)
  Azrael (D:15)
  2 yellow draconians (Zig:6)
  A red draconian (Zig:6)
  2 blizzard demons
  4 deep elf death magi
  2 ettins
  7 vault guards
  A minotaur (Lab)
  5 fire dragons
  Fannar (Lair:2)
  10 ice dragons
  5 great orbs of eyes
  9 yaktaur captains
  3 entropy weavers
  4 rakshasas
  Harold (Orc:1)
  A ghost crab (shapeshifter) (Vaults:4)
  14 naga warriors
  11 hydras
  4 catoblepae (Lair:8)
  10 centaur warriors
  18 anacondas
  6 alligators
  4 dancing weapons (Zig:10)
  The ghost of WhatIsLove the Grappler, a novice TrMo of Okawaru (D:10)
  31 death yaks
  A deep troll earth mage (Depths:1)
  13 ogre magi
  5 tengu warriors
  3 deep troll shamans
  Urug (D:14)
  4 orc high priests
  13 naga sharpshooters
  A hell hog (Zig:13)
  An iron golem (Zig:5)
  2 sun demons (Depths:1)
  2 thrashing horrors
  12 spriggans
  9 deep elf knights
  A storm dragon zombie (Zig:11)
  16 shock serpents
  2 spark wasp zombies (Zig:11)
  3 wretched stars
  5 hell knights (Depths:1)
  6 salamander mystics
  3 iron trolls (Depths:1)
  2 spatial maelstroms (Zig:9)
  4 shadow wraiths
  A skeletal warrior (Zig:11)
  5 giant orange brains
  2 spriggan druids (Swamp:3)
  2 unseen horrors
  3 flayed ghosts
  5 shambling mangroves
  12 deep elf archers
  A shadow demon (Zig:1)
  15 deep trolls
  An obsidian statue (D:12)
  7 small abominations
  6 swamp dragons
  6 hill giants
  The ghost of Reinor the Nimble, a novice TeGl of Okawaru (D:9)
  2 phantasmal warriors
  A tengu zombie (Zig:11)
  11 orc knights
  An orange crystal statue (Zig:9)
  12 naga ritualists
  6 harpies
  2 harpies (shapeshifter)
  11 ironbrand convokers
  14 mana vipers
  A shadow dragon skeleton (Zig:11)
  A golden dragon skeleton (Zig:11)
  5 necromancers
  27 deep elf magi
  5 cyclopes
  3 wizards
  A cyclops (shapeshifter) (Vaults:3)
  21 ugly things
  4 hornets
  3 griffons
  16 salamanders
  7 orc sorcerers
  A salamander (shapeshifter) (Vaults:2)
  2 oklob plants
  7 wolf spiders
  A worldbinder (Zig:9)
  17 elephants
  12 vault sentinels
  2 centaur zombies
  2 frost giant skeletons
  A smoke demon (Zig:2)
  3 apocalypse crabs
  27 naga magi
  2 octopodes (shapeshifter)
  An ice statue (D:12)
  An eye of devastation (shapeshifter) (Vaults:1)
  56 black mambas
  A spiny frog (shapeshifter) (Vaults:1)
  6 guardian serpents
  Psyche (D:9)
  23 spiny frogs
  3 torpor snails
  A human zombie (Vaults:2)
  2 yaktaurs (shapeshifter)
  A hellwing (Zig:2)
  An efreet (D:15)
  8 komodo dragons
  3 kobold demonologists
  4 fire drakes
  25 yaktaurs
  4 ancient zymes (Zig:13)
  A jumping spider (Vaults:4)
  2 yaktaur skeletons
  A tengu conjurer (D:15)
  9 freezing wraiths
  12 trolls
  A minotaur zombie (Lab)
  A harpy zombie (D:15)
  9 giant leeches
  2 polar bears
  A merfolk (D:10)
  A troll (shapeshifter) (Vaults:1)
  A sphinx simulacrum (Vaults:4)
  33 two-headed ogres
  19 blink frogs
  9 bog bodies
  2 boulder beetles (Zig:5)
  5 raiju
  A blink frog (shapeshifter) (Vaults:4)
  55 slime creatures
  A flying skull (Zig:11)
  A redback (shapeshifter) (Depths:1)
  A ynoxinul (Zig:9)
  Sigmund (D:4)
  An ettin skeleton (Vaults:2)
  A water elemental (Zig:10)
  2 air elementals (Zig:10)
  4 shadows
  6 redbacks
  5 wraiths
  A tarantella (Depths:1)
  A golden eye (Zig:9)
  A human (shapeshifter) (Vaults:3)
  63 yaks
  7 fire elementals
  11 wyverns
  14 hippogriffs
  The ghost of stburah the Shield-Bearer, an amateur FoFi (D:4)
  2 neqoxecs
  28 vampire mosquitoes
  A chaos spawn (Zig:13)
  5 hungry ghosts
  3 basilisks
  5 swamp worm simulacra (Swamp:4)
  26 humans
  15 wolves
  29 swamp worms
  11 wargs
  16 insubstantial wisps
  2 mottled dragons
  62 nagas
  2 hell hounds (D:15)
  13 water moccasins
  9 porcupines
  16 hydra simulacra (Swamp:4)
  10 swamp drakes
  4 ice beasts
  3 sky beasts
  45 orc warriors
  3 eyes of draining
  A necrophage (D:11)
  A phantom (D:9)
  27 wasps
  44 ogres
  11 boggarts
  15 centaurs
  An elf skeleton (Vaults:2)
  2 big kobolds
  11 crocodiles
  Blork the orc (D:4)
  29 giant frogs
  An earth elemental (Zig:10)
  2 wyvern skeletons
  12 scorpions
  3 human simulacra
  2 orc simulacra
  5 killer bees (D:8)
  13 wights
  An electric eel (Lair:1)
  4 giant frog zombies
  15 starcursed masses
  A gnoll shaman (Zig:7)
  7 jellies
  9 hounds
  41 orc wizards
  30 orc priests
  8 giant frog skeletons
  8 centaur skeletons
  8 iguanas
  A lightning spire (Zig:6)
  2 worker ants
  A killer bee zombie (D:9)
  29 sheep
  3 hound skeletons
  A worker ant zombie (D:8)
  9 adders
  11 gnolls
  75 river rats
  2 shadow imps
  12 white imps (Lair:5)
  2 oozes
  3 swamp drake simulacra (Swamp:4)
  An adder zombie (D:5)
  An adder skeleton (D:4)
  A worm (shapeshifter) (Vaults:1)
  A worm (D:5)
  4 giant geckos
  97 orcs
  2 giant cockroaches
  7 goblins
  7 hobgoblins
  5 jackals
  20 kobolds
  7 quokkas
  A ball python (D:2)
  5 bats
  A giant cockroach zombie (D:6)
  2 giant gecko zombies
  A giant newt (D:2)
  A quokka zombie (D:6)
  6 rats
  4 briar patches (Swamp:3)
  A bush (Lair:8)
  2 fungi
  7 plants
  5 starspawn tentacles (Zig:13)
2054 creatures vanquished.

Vanquished Creatures (collateral kills)
  A naga sharpshooter (Snake:3)
  A naga (Snake:3)
2 creatures vanquished.

Vanquished Creatures (others)
  A vault warden (Vaults:4)
  A spiny frog (Swamp:4)
  A blink frog (Lair:7)
  An orc warrior (Orc:2)
  A swamp drake (Swamp:4)
  An orc (Orc:1)
  A briar patch (Swamp:3)
  2 bushes (Lair:8)
  20 fungi
  28 plants
  A starspawn tentacle (Zig:13)
  34 starspawn tentacle segments (Zig:13)
92 creatures vanquished.

Grand Total: 2148 creatures vanquished

Notes
Turn   | Place    | Note
--------------------------------------------------------------
     0 | D:1      | Kristof the Minotaur Fighter began the quest for the Orb.
     0 | D:1      | Reached XP level 1. HP: 19/19 MP: 0/0
   119 | D:1      | Reached skill level 4 in Fighting
   119 | D:1      | Reached XP level 2. HP: 27/27 MP: 1/1
   703 | D:2      | Reached XP level 3. HP: 29/33 MP: 2/2
  1110 | D:2      | Reached skill level 1 in Dodging
  1643 | D:3      | Found a radiant altar of Vehumet.
  1643 | D:3      | Found a shadowy altar of Dithmenos.
  1644 | D:3      | Found a blossoming altar of Fedhas.
  1671 | D:3      | Reached XP level 4. HP: 41/41 MP: 3/3
  1750 | D:3      | Found a sacrificial altar of Ru.
  2441 | D:4      | Reached XP level 5. HP: 35/47 MP: 4/4
  2747 | D:4      | Noticed stburah's ghost (amateur FoFi)
  2756 | D:4      | Killed stburah's ghost
  2756 | D:4      | Reached skill level 5 in Fighting
  2756 | D:4      | Reached XP level 6. HP: 56/56 MP: 5/5
  2768 | D:4      | Noticed Sigmund
  2782 | D:4      | Killed Sigmund
  2782 | D:4      | Reached skill level 5 in Axes
  2782 | D:4      | Reached skill level 5 in Armour
  2782 | D:4      | Reached skill level 5 in Shields
  2949 | D:4      | Noticed Blork the orc
  2955 | D:4      | Killed Blork the orc
  2955 | D:4      | Reached XP level 7. HP: 61/61 MP: 6/6
  2966 | D:4      | Found an iron altar of Okawaru.
  2979 | D:4      | Became a worshipper of Warmaster Okawaru
  3100 | D:4      | Found a staircase to the Ecumenical Temple.
  3573 | D:5      | Entered Level 5 of the Dungeon
  3632 | D:5      | Found a white marble altar of Elyvilon.
  3764 | D:5      | Reached skill level 6 in Axes
  4035 | D:5      | Found a glowing drain.
  4069 | Sewer    | Entered a sewer
  4183 | Sewer    | Found a white marble altar of Elyvilon.
  4379 | D:5      | Found a basalt altar of Yredelemnul.
  4553 | D:5      | Found an ancient bone altar of Kikubaaqudgha.
  4641 | D:5      | Reached * piety under Okawaru
  4641 | D:5      | Reached XP level 8. HP: 61/70 MP: 7/7
  4977 | D:5      | Reached skill level 7 in Axes
  5048 | D:6      | Found Bymuomat's Magic Scroll Emporium.
  5083 | D:6      | Bought a scroll of identify for 20 gold pieces
  5083 | D:6      | Bought a scroll of remove curse for 30 gold pieces
  5083 | D:6      | Bought a scroll of identify for 20 gold pieces
  5083 | D:6      | Bought a scroll of identify for 20 gold pieces
  5201 | D:6      | Found Viuminoa's Armour Shop.
  5481 | D:6      | Found Buschouq's Armour Boutique.
  5576 | D:6      | Found Comi Ufa's Food Emporium.
  5708 | D:6      | Reached ** piety under Okawaru
  5810 | D:6      | Found a deep blue altar of Sif Muna.
  6017 | D:6      | Reached skill level 8 in Axes
  6267 | D:7      | Found a glowing silver altar of Zin.
  6267 | D:7      | Found a glowing golden altar of the Shining One.
  6310 | D:7      | Reached XP level 9. HP: 79/79 MP: 8/8
  6315 | D:7      | Reached skill level 5 in Dodging
  6396 | D:7      | Found a shimmering altar of Xom.
  6609 | D:7      | Reached skill level 9 in Axes
  6893 | D:7      | Found an oddly glowing altar of Pakellas.
  7056 | D:8      | Reached *** piety under Okawaru
  7656 | D:8      | Found an opulent altar of Gozag.
  7821 | D:8      | Reached skill level 10 in Axes
  8020 | D:9      | Reached XP level 10. HP: 85/90 MP: 9/9
  8074 | D:9      | Learned a level 3 spell: Mephitic Cloud
  8085 | D:9      | Found a staircase to the Orcish Mines.
  8114 | D:9      | Noticed Reinor's ghost (novice TeGl)
  8136 | D:9      | Killed Reinor's ghost
  8136 | D:9      | Reached **** piety under Okawaru
  8447 | D:9      | Noticed a centaur warrior
  8457 | D:9      | Killed a centaur warrior
  8632 | D:9      | Noticed Psyche
  8656 | D:9      | Reached skill level 11 in Axes
  8666 | D:9      | Killed Psyche
  9083 | D:10     | Entered Level 10 of the Dungeon
  9128 | D:10     | Reached ***** piety under Okawaru
  9584 | D:10     | Noticed WhatIsLove's ghost (novice TrMo)
  9597 | D:10     | Killed WhatIsLove's ghost
  9597 | D:10     | Reached XP level 11. HP: 92/99 MP: 10/10
  9633 | D:10     | Reached skill level 1 in Invocations
  9793 | D:10     | Reached skill level 10 in Fighting
 10147 | D:11     | Reached skill level 1 in Evocations
 10192 | D:11     | Found a staircase to the Lair.
 10359 | D:11     | Noticed an unseen horror
 10377 | D:11     | Killed an unseen horror
 10452 | D:11     | Reached skill level 12 in Axes
 10545 | D:11     | Noticed a red ugly thing
 10554 | D:11     | Killed a red ugly thing
 10577 | D:11     | Identified the Catalogue of the Congealing Entourage
 10969 | D:11     | Noticed a five-headed hydra
 10978 | D:11     | Killed a five-headed hydra
 10978 | D:11     | Received a gift from Okawaru
 10981 | D:11     | Got a bloodstained executioner's axe {god gift}
 10987 | D:11     | Identified the +2 executioner's axe "Raisin" {elec, rPois rF- Int+5 Stlth+} (Okawaru gifted it to you on level 11 of the Dungeon)
 11280 | D:11     | Noticed a hill giant
 11286 | D:11     | Killed a hill giant
 11470 | Lair:1   | Entered Level 1 of the Lair of Beasts
 11506 | Lair:1   | Found a labyrinth entrance.
 11523 | Lair:1   | Learned a level 4 spell: Fulminant Prism
 11547 | Lab      | Entered a labyrinth
 11796 | Lab      | Noticed a minotaur
 11803 | Lab      | Killed a minotaur
 11803 | Lab      | Reached XP level 12. HP: 108/108 MP: 7/13
 11806 | Lab      | Got a fine granite ring
 11813 | Lab      | Identified the ring of the Suburbs {SustAt rN+++ MR- Stlth+} (You found it in a labyrinth)
 11814 | Lab      | Identified a +4 rod of clouds (11/11) (You found it in a labyrinth)
 12165 | Lair:1   | Reached skill level 10 in Shields
 12173 | Lair:1   | Reached skill level 10 in Armour
 12332 | Lair:1   | Received a gift from Okawaru
 12530 | Lair:1   | Reached skill level 13 in Axes
 13134 | Lair:1   | Identified the Disquisition on Transformation
 13490 | Lair:2   | Noticed Fannar
 13506 | Lair:2   | Killed Fannar
 13506 | Lair:2   | Reached ****** piety under Okawaru
 13926 | Lair:2   | Reached skill level 5 in Invocations
 14054 | Lair:2   | Received a gift from Okawaru
 15300 | Lair:3   | Found a snail-covered altar of Cheibriados.
 15389 | Lair:3   | Reached XP level 13. HP: 116/116 MP: 15/15
 16057 | Lair:4   | Found a staircase to the Snake Pit.
 16308 | Lair:4   | Reached skill level 14 in Axes
 16399 | Lair:4   | Found a staircase to the Swamp.
 16587 | Lair:4   | Got a dazzling chain mail
 16598 | Lair:4   | Identified the +5 chain mail "Leta" {rF+ Str+2 Dex+4} (You found it on level 4 of the Lair of Beasts)
 17408 | Lair:5   | Reached skill level 5 in Evocations
 17484 | Lair:5   | Found an iron altar of Okawaru.
 17541 | Lair:5   | Received a gift from Okawaru
 17598 | Lair:5   | Found a frozen archway.
 19080 | Lair:7   | Reached skill level 15 in Axes
 19497 | Lair:7   | Reached skill level 10 in Dodging
 19498 | Lair:7   | Received a gift from Okawaru
 19499 | Lair:7   | Reached XP level 14. HP: 120/126 MP: 17/17
 19537 | Lair:7   | Received a gift from Okawaru
 20213 | Lair:7   | Found a blossoming altar of Fedhas.
 20418 | Lair:7   | Learned a level 3 spell: Passwall
 20573 | Lair:8   | Entered Level 8 of the Lair of Beasts
 20584 | Lair:8   | Found a staircase to the Slime Pits.
 21053 | Lair:8   | Received a gift from Okawaru
 21075 | Lair:8   | Reached skill level 16 in Axes
 22017 | Lair:8   | Reached XP level 15. HP: 135/135 MP: 19/19
 22763 | Lair:5   | Received a gift from Okawaru
 22766 | Lair:5   | Got a brightly glowing war axe {god gift}
 22767 | Lair:5   | Identified the +12 war axe "Pelot" {freeze, +Fly rC+ Int-3} (Okawaru gifted it to you on level 5 of the Lair of Beasts)
 23200 | D:12     | Reached skill level 1 in Charms
 23819 | D:13     | Received a gift from Okawaru
 23828 | D:13     | Got a dazzling hat {god gift}
 23834 | D:13     | Identified the +1 hat of the Cuttlefish {rC- MR++ Str+5} (Okawaru gifted it to you on level 13 of the Dungeon)
 23855 | D:13     | Found a gate to the Vaults.
 23923 | D:13     | Found a snail-covered altar of Cheibriados.
 24045 | D:13     | Found a roughly hewn altar of Beogh.
 24653 | D:14     | Reached skill level 17 in Axes
 24712 | D:14     | Noticed Urug
 24721 | D:14     | Killed Urug
 25040 | D:14     | Noticed Roxanne
 25058 | D:14     | Killed Roxanne
 25060 | D:14     | Identified Roxanne's Volume of Clay (You took it off Roxanne on level 14 of the Dungeon)
 25385 | D:15     | Entered Level 15 of the Dungeon
 25436 | D:15     | Received a gift from Okawaru
 25446 | D:15     | Noticed Azrael
 25455 | D:15     | Killed Azrael
 25634 | D:15     | Gained mutation: You can translocate small distances at will. [potion of beneficial mutation]
 25724 | D:15     | Reached XP level 16. HP: 146/146 MP: 21/21
 25897 | D:15     | Gained mutation: You have a pair of large horns on your head. [potion of beneficial mutation]
 25898 | D:15     | Lost mutation: You have a pair of large horns on your head. [potion of cure mutation]
 25898 | D:15     | Lost mutation: You can translocate small distances at will. [potion of cure mutation]
 26276 | D:15     | Found a staircase to the Depths.
 26478 | Orc:1    | Entered Level 1 of the Orcish Mines
 26669 | Orc:2    | Entered Level 2 of the Orcish Mines
 26764 | Orc:2    | Found a staircase to the Elven Halls.
 26873 | Orc:2    | Found a roughly hewn altar of Beogh.
 27152 | Orc:1    | Noticed Harold
 27166 | Orc:1    | Killed Harold
 27411 | Orc:1    | Received a gift from Okawaru
 27415 | Orc:1    | Got a warped trident {god gift}
 27536 | Orc:1    | Identified the +7 trident of Iche {pierce, rElec rN+ Dex-3 SInv} (Okawaru gifted it to you on level 1 of the Orcish Mines)
 28000 | Orc:2    | Found Unas's Antique Armour Emporium.
 28002 | Orc:2    | Found Orghuw's Antique Armour Emporium.
 28162 | Orc:2    | Found Uqaigicu's Magic Scroll Shoppe.
 28172 | Orc:2    | Found Giuth's Weapon Shoppe.
 28393 | Orc:2    | Bought a scroll of identify for 34 gold pieces
 28393 | Orc:2    | Bought a scroll of identify for 34 gold pieces
 28393 | Orc:2    | Bought a scroll of enchant armour for 127 gold pieces
 28885 | Snake:1  | Entered Level 1 of the Snake Pit
 29572 | Snake:1  | Reached skill level 5 in Charms
 29649 | Snake:1  | Received a gift from Okawaru
 29653 | Snake:1  | Got a thick robe {god gift}
 29654 | Snake:1  | Identified the +2 robe "Ceonwis" {Dex+4} (Okawaru gifted it to you on level 1 of the Snake Pit)
 29831 | Snake:1  | Reached skill level 18 in Axes
 31710 | Snake:3  | Reached XP level 17. HP: 140/154 MP: 22/22
 32029 | Snake:3  | Received a gift from Okawaru
 33338 | Snake:4  | Entered Level 4 of the Snake Pit
 33400 | Snake:4  | Reached skill level 15 in Fighting
 33451 | Snake:4  | Found a stormy altar of Qazlal.
 34405 | Snake:4  | Learned a level 6 spell: Iron Shot
 34501 | Snake:4  | Received a gift from Okawaru
 35342 | Snake:4  | Reached skill level 19 in Axes
 37408 | Snake:4  | Got a serpentine rune of Zot
 38192 | D:6      | Bought a bread ration for 55 gold pieces
 38192 | D:6      | Bought a meat ration for 55 gold pieces
 38192 | D:6      | Bought a meat ration for 55 gold pieces
 38192 | D:6      | Bought a bread ration for 55 gold pieces
 38192 | D:6      | Bought a meat ration for 55 gold pieces
 38192 | D:6      | Bought a bread ration for 55 gold pieces
 38192 | D:6      | Bought a beef jerky for 16 gold pieces
 38192 | D:6      | Bought 4 fruits for 66 gold pieces
 38192 | D:6      | Bought a slice of pizza for 16 gold pieces
 38192 | D:6      | Bought a slice of pizza for 16 gold pieces
 38192 | D:6      | Bought a bread ration for 55 gold pieces
 38207 | D:6      | Bought a +1 pair of boots of flying for 165 gold pieces
 38521 | Swamp:1  | Entered Level 1 of the Swamp
 38836 | Swamp:1  | Reached XP level 18. HP: 158/163 MP: 23/23
 39950 | Swamp:2  | Received a gift from Okawaru
 39964 | Swamp:2  | Got a faintly humming large shield {god gift}
 39975 | Swamp:2  | Identified the +1 large shield "Jeanug" {+Blink Regen+ Str+2} (Okawaru gifted it to you on level 2 of the Swamp)
 41194 | Swamp:3  | Reached skill level 15 in Armour
 41225 | Swamp:3  | Identified a scroll of acquirement
 41937 | Swamp:3  | Reached skill level 15 in Shields
 41938 | Swamp:3  | Reached skill level 20 in Axes
 42257 | Swamp:4  | Entered Level 4 of the Swamp
 42257 | Swamp:4  | Noticed loom's ghost (journeyman MiBe)
 42277 | Swamp:4  | Killed loom's ghost
 43255 | Swamp:4  | Noticed Louise
 43286 | Swamp:4  | Killed Louise
 44085 | Swamp:4  | Got a decaying rune of Zot
 44959 | Vaults:1 | Entered Level 1 of the Vaults
 45012 | Vaults:1 | Received a gift from Okawaru
 45089 | Vaults:1 | Reached XP level 19. HP: 68/172 MP: 24/24
 46163 | Vaults:1 | Received a gift from Okawaru
 46298 | Vaults:1 | Found Toeqycillu's Armour Shoppe.
 46555 | Vaults:1 | Reached skill level 21 in Axes
 47459 | Vaults:2 | Found a staircase to the Crypt.
 47459 | Vaults:2 | Found an ancient bone altar of Kikubaaqudgha.
 47460 | Vaults:2 | Found a basalt altar of Yredelemnul.
 47912 | Vaults:2 | Got a transparent halberd
 47913 | Vaults:2 | Identified the +8 halberd "Grom" {freeze, Dex+3} (You found it on level 2 of the Vaults)
 48194 | Vaults:2 | Received a gift from Okawaru
 48490 | Vaults:3 | Reached XP level 20. HP: 75/183 MP: 25/25
 48799 | Vaults:3 | Reached skill level 22 in Axes
 48947 | Vaults:3 | Found Ogatypsy's Gadget Emporium.
 48970 | Vaults:3 | Reached skill level 15 in Dodging
 49113 | Vaults:3 | Received a gift from Okawaru
 49313 | Vaults:3 | Identified a +0 rod of ignition (11/11) (You found it on level 3 of the Vaults)
 49982 | Vaults:4 | Received a gift from Okawaru
 50248 | Vaults:4 | Found Akhy's Weapon Shoppe.
 50893 | Vaults:4 | Found Ottij's Assorted Antiques.
 50912 | Vaults:4 | Bought a scroll of teleportation for 72 gold pieces
 51020 | Vaults:4 | Received a gift from Okawaru
 51065 | Vaults:4 | Found Xupamasu's Food Shop.
 51084 | Vaults:4 | Bought a slice of pizza for 16 gold pieces
 51084 | Vaults:4 | Bought a beef jerky for 16 gold pieces
 51084 | Vaults:4 | Bought a bread ration for 55 gold pieces
 51084 | Vaults:4 | Bought a slice of pizza for 16 gold pieces
 51084 | Vaults:4 | Bought a meat ration for 55 gold pieces
 51084 | Vaults:4 | Bought a meat ration for 55 gold pieces
 51084 | Vaults:4 | Bought a bread ration for 55 gold pieces
 51084 | Vaults:4 | Bought a bread ration for 55 gold pieces
 51084 | Vaults:4 | Bought a meat ration for 55 gold pieces
 51084 | Vaults:4 | Bought a bread ration for 55 gold pieces
 51084 | Vaults:4 | Bought a meat ration for 55 gold pieces
 51084 | Vaults:4 | Bought a meat ration for 55 gold pieces
 51084 | Vaults:4 | Bought a bread ration for 55 gold pieces
 51084 | Vaults:4 | Bought a bread ration for 55 gold pieces
 51675 | Vaults:4 | Reached XP level 21. HP: 193/193 MP: 26/26
 51676 | Vaults:4 | Found Ziqic's Armour Emporium.
 51765 | Vaults:4 | Found Gooquk's Food Emporium.
 51773 | Vaults:4 | Bought a meat ration for 65 gold pieces
 51773 | Vaults:4 | Bought a slice of pizza for 19 gold pieces
 51773 | Vaults:4 | Bought 2 fruits for 39 gold pieces
 51773 | Vaults:4 | Bought a bread ration for 65 gold pieces
 51773 | Vaults:4 | Bought a beef jerky for 19 gold pieces
 51773 | Vaults:4 | Bought a bread ration for 65 gold pieces
 51773 | Vaults:4 | Bought a slice of pizza for 19 gold pieces
 51773 | Vaults:4 | Bought a bread ration for 65 gold pieces
 51773 | Vaults:4 | Bought a meat ration for 65 gold pieces
 51773 | Vaults:4 | Bought a meat ration for 65 gold pieces
 51773 | Vaults:4 | Bought a bread ration for 65 gold pieces
 51927 | Vaults:4 | Received a gift from Okawaru
 51940 | Vaults:4 | Reached skill level 23 in Axes
 52248 | Depths:1 | Entered Level 1 of the Depths
 52602 | Depths:1 | Received a gift from Okawaru
 52848 | Depths:1 | Found a glowing silver altar of Zin.
 52848 | Depths:1 | Found a white marble altar of Elyvilon.
 52848 | Depths:1 | Found a glowing golden altar of the Shining One.
 53166 | Depths:1 | Found a gateway to a ziggurat.
 53304 | Depths:1 | Found a gateway to Hell.
 53449 | Depths:1 | Identified a cursed +1 rod of shadows (14/14) (You found it on level 1 of the Depths)
 54423 | Zig:1    | Entered Level 1 of a ziggurat
 54438 | Zig:2    | Entered Level 2 of a ziggurat
 54452 | Zig:2    | Got a fine pewter amulet
 54454 | Zig:2    | Identified the amulet "Koneg" {Reflect SH+3 Stlth+} (You found it on level 2 of a ziggurat)
 54461 | Zig:3    | Entered Level 3 of a ziggurat
 54461 | Zig:3    | Noticed a shard shrike
 54469 | Zig:3    | Killed a shard shrike
 54474 | Zig:3    | Received a gift from Okawaru
 54489 | Zig:3    | Got a fine arbalest
 54567 | Zig:4    | Entered Level 4 of a ziggurat
 54707 | Zig:4    | Gained mutation: Your mind is acute. (Int +2) [potion of beneficial mutation]
 54726 | Zig:5    | Entered Level 5 of a ziggurat
 54746 | Zig:5    | Received a gift from Okawaru
 54978 | Zig:5    | Gained mutation: Your system is resistant to poisons. [potion of beneficial mutation]
 54989 | Zig:6    | Entered Level 6 of a ziggurat
 55217 | Zig:6    | Identified Sif Muna's Incunabulum of Curses and Cold
 55228 | Zig:7    | Entered Level 7 of a ziggurat
 55457 | Zig:7    | Got a warped lajatang
 55460 | Zig:7    | Got an ebony whip
 55462 | Zig:7    | Identified the Catalogue of Stolen Souls
 55473 | Zig:7    | Got an encrusted hand axe
 55476 | Zig:7    | Identified the +7 hand axe of Eternal Vigilance {chop, SInv} (You found it on level 7 of a ziggurat)
 55478 | Zig:7    | Identified the +5 whip of an ice cave {freeze, -Tele +Inv rElec Str+3} (You found it on level 7 of a ziggurat)
 55486 | Zig:7    | Identified the +8 lajatang of Baokul {slice, +Inv rPois} (You found it on level 7 of a ziggurat)
 55517 | Zig:8    | Entered Level 8 of a ziggurat
 55585 | Zig:8    | Learned a level 2 spell: Shroud of Golubria
 55611 | Zig:8    | Got an ancient trident
 55619 | Zig:8    | Identified the +9 trident "Qiforchuq" {holy, MR+ MP+9 SInv Stlth+} (You found it on level 8 of a ziggurat)
 55641 | Zig:9    | Entered Level 9 of a ziggurat
 55648 | Zig:9    | Noticed a profane servitor
 55668 | Zig:9    | Killed a profane servitor
 55668 | Zig:9    | Reached XP level 22. HP: 204/204 MP: 12/27
 55670 | Zig:9    | Paralysed by accursed screaming for 1 turns
 55675 | Zig:9    | Reached skill level 24 in Axes
 55873 | Zig:9    | Identified the Catalogue of Attacks
 55983 | Zig:10   | Entered Level 10 of a ziggurat
 56101 | Zig:11   | Entered Level 11 of a ziggurat
 56323 | Zig:11   | Identified the Catalogue of Transmutation
 56334 | Zig:12   | Entered Level 12 of a ziggurat
 56368 | Zig:12   | Received a gift from Okawaru
 56551 | Zig:12   | Got an iridescent quarterstaff {god gift}
 56576 | Zig:12   | Identified the +3 quarterstaff of Okawaru's Scorn {elec, +Blink rC- Str+5} (Okawaru gifted it to you on level 12 of a ziggurat)
 56868 | Zig:13   | Entered Level 13 of a ziggurat
 56920 | Zig:13   | Paralysed by accursed screaming for 2 turns
 56936 | Zig:13   | Paralysed by accursed screaming for 2 turns
 56937 | Zig:13   | HP: 5/205 [starcursed mass/accursed screaming (13)]
 56940 | Zig:13   | HP: 1/205 [starcursed mass/accursed screaming (30)]
 56941 | Zig:13   | Killed from afar by a starcursed mass

Vault maps used:
D:1:      minmay_arrival_plants_in_alcoves, serial_bayou_pond_d,
          columned_hall_lemuel
D:2:      minmay_kobold_bridge
D:3:      nicolae_ru_sacrificial_ziggurat, gammafunk_temple_overflow_claw
D:4:      okawaru_ov_weapons_minmay, temple_doors_d, uniq_sigmund,
          uniq_blork_the_orc
D:5:      kennysheep_ying_yang, kiku_gazebo_pond_becter, first_bread,
          portal_sewer_entry_c, moated_statue
D:6:      lemuel_blue_sif_altar, serial_shops, shop, nicolae_shop_trees,
          nicolae_shop_stone, nicolae_shop_stone
D:7:      xom_butterflies, grunt_pakellas_basics,
          gammafunk_temple_overflow_pools, kennysheep_flooded_box
D:8:      kennysheep_mini_moat
D:9:      erik_1, orc_0_dummy
D:10:     hangedman_fish_farm
D:11:     dpeg_lair_monsters
D:12:     minmay_door_square, minmay_more_statues
D:13:     grunt_vaults_entry_tiered, special_room, cheibriados_altar_1
D:14:     uniq_urug, uniq_roxanne
D:15:     grunt_enter_depths_hoard, minmay_misc_feat_x, uniq_azrael
Lair:1:   beast_lair_carwin_large_1, lab_entry_generic, st_stairs_5,
          serial_bayou_shore_a
Lair:2:   beast_lair_carwin_8, grunt_megastairs_1, uniq_fannar
Lair:3:   kennysheep_snail_temple
Lair:4:   minmay_lair_oklob_items, minmay_swamp_entry_swarm,
          guppyfry_snake_entry_island
Lair:5:   basic_altar, portal_ice_cave_entry_imps, minivault_25,
          beast_lair_carwin_4, grunt_megastairs_2, lemuel_fruit_tree
Lair:7:   slaughterhouse, tgw_fedhas
Lair:8:   evilmike_catoblepas_cave, nicolae_slime_entry_slimehenge
Swamp:1:  evilmike_swamp_ruin_house_4, swamp_pool5, cheibrodos_swamp_kobolds
Swamp:2:  hangedman_swamp_cone, swamp_pool2
Swamp:3:  evilmike_swamp_ruin_house_5
Swamp:4:  swamp_icy, uniq_louise
Snake:3:  spider_trap, st_stairs_1
Snake:4:  minmay_snake_end_coiled, basic_altar
Orc:1:    uniq_harold
Orc:2:    st_orc_mages, basic_altar, mines_bat_river
Vaults:1: hangedman_vaults_hat, vaults_dpeg_ring, vaults_standard_mumra_x,
          grunt_vaults_twisty, v_misc_28, ontoclasm_vaults_shuriken,
          v_pattern_2, vaults_room_corners, serial_shops, shop
Vaults:2: dpeg_vaults_monster_row, nicolae_vaults_big_ls,
          minmay_crypt_entry_necro_gods, stair_cage_open, vaults_room_door_ring,
          vaults_dpeg_diagonal, v_misc_30, vaults_room_door_ring,
          ontoclasm_vaults_chip
Vaults:3: vaults_standard_mumra_enter_the_diamond, nicolae_vaults_quadrants,
          ontoclasm_vaults_bender, nicolae_vaults_shelves_hall, v_misc_30,
          vaults_room_pool, vaults_room_grunt_arrival_ludios,
          nicolae_vaults_ring_of_whatevers, v_misc_5, v_misc_29,
          nicolae_vaults_three_branches, nicolae_vaults_shelves_hall,
          grunt_vaults_diagonal, serial_shops, shop
Vaults:4: ontoclasm_vaults_spin, hangedman_vaults_nails,
          ontoclasm_vaults_loading_screen, grunt_vaults_hallway_short,
          vaults_mumra_hexcomb, ontoclasm_vaults_idyll, v_misc_11,
          nicolae_vaults_rhombus_5, dpeg_vaults_monster_doublerow, v_misc_26,
          v_pattern_3, vaults_dpeg_hooks, v_misc_19, v_alt_pattern_1,
          ontoclasm_vaults_ligature, serial_shops, shop,
          nicolae_shop_behind_doors, shop, shop, shop_statue
Depths:1: enter_ziggurat_b, minmay_misc_feat_encased, lightli_too_deep,
          minmay_gold_behind_fungi, hallowed_hall, grunt_megastairs_4,
          serial_bayou_shore_b
Zig:12:   ziggurat_pillar_centre_drop
Zig:13:   ziggurat_pillar_centre_smoke
Lab:      labyrinth_hidden_loot, nicolae_lab_starburst, nicolae_lab_lava,
          nicolae_lab_stuck, labyrinth_skeletal_remains
Sewer:    sewer_kobolds

Action                   |  1- 3 |  4- 6 |  7- 9 | 10-12 | 13-15 | 16-18 | 19-21 | 22-24 || total
-------------------------+-------+-------+-------+-------+-------+-------+-------+-------++-------
Melee: War axe           |    72 |    52 |   370 |   318 |   318 |   229 |       |       ||  1359
       Executioner's axe |       |       |       |    19 |       |       |       |       ||    19
       Flail             |       |       |       |     8 |       |       |       |       ||     8
       Broad axe         |       |       |       |   220 |   499 |  1173 |  1370 |   161 ||  3423
       Trident           |       |       |       |       |       |       |     5 |       ||     5
Invok: Heroism           |       |       |       |     1 |       |     1 |     4 |     4 ||    10
       Finesse           |       |       |       |     1 |     1 |     7 |    14 |     5 ||    28
 Abil: Evoke Berserk Rag |       |     1 |       |     2 |       |       |     1 |     3 ||     7
       Evoke Flight      |       |       |       |       |       |     4 |       |       ||     4
Evoke: Wand              |       |       |       |       |       |    27 |     8 |     2 ||    37
       Rod               |       |       |       |       |       |       |     8 |     5 ||    13
       Fan of gales      |       |       |       |       |       |       |     1 |       ||     1
  Use: Scroll            |       |    14 |     6 |    17 |    19 |    16 |    12 |     7 ||    91
       Potion            |       |     4 |     1 |     6 |    12 |    22 |     9 |     4 ||    58
 Stab: Petrifying        |       |       |       |       |     1 |       |       |       ||     1
       Invisible         |       |       |       |       |       |       |     1 |     8 ||     9
  Eat: Chunk             |     2 |     5 |    19 |    28 |    31 |    29 |    24 |     4 ||   142
       Fruit             |       |       |     4 |       |     4 |    34 |    10 |       ||    52
       Pizza             |       |       |       |       |       |     4 |     3 |     1 ||     8
       Royal jelly       |       |       |       |       |       |       |     2 |       ||     2
       Meat ration       |       |       |       |       |       |       |       |     1 ||     1
